 Dungeon Crawl Stone Soup version 0.31-a0-879-g1609e0ac53 (webtiles) character file.

Game seed: 8949201507791700596

49 Spaninq the Changeling (level 3, -2/33 HPs)
             Began as a Troll Shapeshifter on Oct 14, 2023.
             Slain by an orc
             ... wielding a +0 mace
              (6 damage)
             ... on level 2 of the Dungeon.
             The game lasted 00:02:03 (704 turns).

Spaninq the Changeling (Troll Shapeshifter)          Turns: 704, Time: 00:02:03

Health: -2/33      AC:  4    Str: 24    XL:     3   Next: 51%
Magic:  2/2        EV:  9    Int:  6    God:
Gold:   62         SH:  0    Dex:  9    Spells: 2/2 levels left

rFire   . .          .
                       - Unarmed
rCold   . . .        (no shield)
rNeg    . . .        a - +0 animal skin
rPois   .            (helmet currently unavailable)
rElec   .            (cloak currently unavailable)
rCorr   .            (gloves unavailable)
SInv    .            (boots unavailable)
Will    .....        (no amulet)
Stlth   +            (no ring)
HPRegen 1.05/turn    (no ring)
MPRegen 0.08/turn

%: no passive effects
@: beast-form
A: beast (slay +2), large, unfitting armour, claws 3, regeneration 1, shaggy fur
1, tough skin 1
a: Begin Untransformation


You were on level 2 of the Dungeon.
You were a hulking beast.
You visited 1 branch of the dungeon, and saw 2 of its levels.

You collected 62 gold pieces.

Inventory:

Armour
 a - a +0 animal skin (worn)
Talismans
 c - a beast talisman (active)
 d - a flux talisman
Scrolls
 e - 3 scrolls of enchant armour {unknown}
 g - a scroll of acquirement {unknown}
 h - a scroll of immolation {unknown}
 i - a scroll of silence {unknown}
Potions
 b - a potion of lignification
 f - 2 potions of enlightenment {unknown}


   Skills:
 + Level 1.5 Fighting
 - Level 1.5 Dodging
 + Level 3.4 Unarmed Combat
 * Level 3.7 Shapeshifting


You had 2 spell levels left.
You didn't know any spells.
Your spell library contained the following spells:

 Spells                   Type           Power      Damage    Failure   Level
 Freeze                   Ice            0%         1d3       45%         1
 Summon Small Mammal      Summ           0%         N/A       45%         1
 Call Canine Familiar     Summ           0%         N/A       83%         3
 Frozen Ramparts          Ice            0%         1d1       83%         3
 Hailstorm                Conj/Ice       0%         3d3       83%         3
 Summon Guardian Golem    Hex/Summ       0%         N/A       83%         3


Dungeon Overview and Level Annotations

Branches:
Dungeon (2/15)

Altars:

Shops:
D:1 *   D:2 =(*


Innate Abilities, Weirdness & Mutations

You are a hulking beast.
Your limbs bulge with bestial killing power. (Slay +2)
You are too large for most types of armour.
You have claws for hands.
Your natural rate of healing is unusually fast.
You are covered in fur. (AC +1)
You have tough skin. (AC +1)


Message History

Your experience leads to an increase in your attributes!
Increase (S)trength, (I)ntelligence, or (D)exterity?
You feel stronger. x3
You mangle the bat!!
You kill the bat!
You scratch the ball python.
The ball python is moderately wounded.
The ball python bites you but does no damage.
The ball python closely misses you.
You claw the ball python!
You kill the ball python!
The orc wizard gestures at you while chanting.
The magic dart hits you!
The orc wizard hits you with a +0 dagger.
The orc hits you with a +0 mace.
There is an open door here.
Things that are here:
a +0 dagger; a +0 robe; a ball python corpse You scratch the orc.
The orc is heavily wounded.
The orc wizard barely misses you. The orc hits you with a +0 war axe.
The orc closely misses you.
You scratch the orc.
You kill the orc!
The orc wizard barely misses you. The orc misses you.
You closely miss the orc wizard.
The orc wizard hits you but does no damage.
The orc closely misses you.
You scratch the orc wizard.
The orc wizard is moderately wounded.
The orc wizard gestures at you while chanting.
The puff of flame hits you!
* * * LOW HITPOINT WARNING * * *
The orc hits you with a +0 mace.
* * * LOW HITPOINT WARNING * * *
You scratch the orc wizard.
The orc wizard is heavily wounded.
The orc wizard hits you but does no damage.
The orc hits you with a +0 mace.
You die...

##### #.... #....#######
#### .....#....# #...
#...#....# #.##
####..)#†...#########.##
......oh....'..........#
####..o#....#########.##
#...#....# ####
#...#....# +..
########## #≈≈ #....≈
#....# ..##### . #


You could see an orc wizard and an orc.

Vanquished Creatures
  An orc wizard (D:2)
  A gnoll (D:1)
  An orc (D:2)
  3 endoplasms (D:1)
  A giant cockroach (D:1)
  A goblin (D:1)
  A ball python (D:2)
  A bat (D:2)
  A frilled lizard (D:1)
  2 kobolds
  2 rats
15 creatures vanquished.

Notes
Turn   | Place    | Note
-------+----------+-------------------------------------------
     0 | D:1      | Spaninq the Troll Shapeshifter began the quest for the Orb.
     0 | D:1      | Reached XP level 1. HP: 18/18 MP: 0/0
   167 | D:1      | Reached skill level 1 in Fighting
   209 | D:1      | Reached XP level 2. HP: 23/27 MP: 1/1
   230 | D:1      | Found Naerad's Assorted Antiques.
   573 | D:2      | Found Gazatueg's Antique Weapon Shoppe.
   621 | D:2      | Found Qept's Assorted Antiques.
   659 | D:2      | Found Xiozxosa's Jewellery Shop.
   696 | D:2      | Reached XP level 3. HP: 33/33 MP: 2/2
   704 | D:2      | Slain by an orc

Illustrated notes

Levels and vault maps discovered:
D:1:      tarquinn_simple_flora_water_e, layout_loops_ring, serial_shops,
          shop_statue
D:2:      layout_basic, basic_altar, serial_shops, shop,
          nicolae_shop_hallway_plus, shop, shop

Skill      XL: |  1 |
---------------+----+-----
Fighting       | 1 |  1.5
Dodging        | |  1.5
Unarmed Combat | |  3.4
Shapeshifting  | |  3.7

Action                     || total
---------------------------++-------
  Melee: Unarmed           ||    35
 Armour: Animal skin       ||    24
  Dodge: Dodged            ||    19

Table legend: (Time is in decaauts)
 A = Elapsed time spent in this place.
 B = Non-inter-level travel time spent in this place.
 C = Inter-level travel time spent in this place.
 D = Time resting spent in this place.
 E = Time spent auto-exploring this place.
 F = Levels seen in this place.
 G = Mean time per level.
                   A        B        C        D        E       F      G
               +--------+--------+--------+--------+--------+-----+--------+
         Total |    702 |    697 |      5 |      0 |    566 |   2 |  351.0 |
       Dungeon |    702 |    697 |      5 |      0 |    566 |   2 |  351.0 |
               +--------+--------+--------+--------+--------+-----+--------+

Top non-repeatable levels by time:
     D:1: 566 daAuts
     D:2: 135 daAuts
